 Dungeon Crawl Stone Soup version 0.20-a0-266-gdedccd6 (webtiles) character file.

2521 LORDOFBUTT the Blocker (level 9, -5/64 HPs)
             Began as a Formicid Fighter on Dec 6, 2016.
             Was an Initiate of Gozag.
             Slain by krigyl's ghost (16 damage)
             ... on level 7 of the Dungeon.
             The game lasted 00:06:08 (4839 turns).

LORDOFBUTT the Blocker (Formicid Fighter)           Turns: 4839, Time: 00:06:08

Health: -5/64      AC: 12    Str: 29    XL:     9   Next: 84%
Magic:  9/9        EV: 10    Int:  8    God:    Gozag
Gold:   635        SH: 13    Dex: 13    Spells: 8/8 levels left

rFire  . . .     SeeInvis +     k - +1 war axe (flame)
rCold  . . .     Gourm    .     b - +0 scale mail
rNeg   + . .     Faith    .     c - +0 shield
rPois  .         Spirit   .     (helmet unavailable)
rElec  .         Reflect  .     r - +2 cloak
rCorr  .         Harm     .     p - +1 pair of gloves
MR     .....                    (no boots)
Stlth  ..........               a - amulet of regeneration
                                x - +3 ring of strength
                                n - ring of positive energy

@: mighty, gold aura
A: permanent stasis, dig shafts and tunnels, four strong arms, antennae 3
a: Dig, Shaft Self, Potion Petition, Call Merchant, Bribe Branch, Renounce
Religion


You were on level 7 of the Dungeon.
You worshipped Gozag.
Gozag was pleased with you.
You were not hungry.

You visited 1 branch of the dungeon, and saw 7 of its levels.

You collected 684 gold pieces.
You paid 49 gold pieces to Gozag.

Inventory:

Hand Weapons
 k - a +1 war axe of flaming (weapon)
Armour
 b - a +0 scale mail (worn)
 c - a +0 shield (worn)
 p - a +1 pair of gloves (worn)
 r - a +2 cloak (worn)
Jewellery
 a - an amulet of regeneration (around neck)
 n - a ring of positive energy (left hand)
 x - a +3 ring of strength (right hand)
Wands
 m - a wand of confusion (26/48)
 w - a wand of random effects (23/48)
Scrolls
 e - 4 scrolls of remove curse
 l - a scroll of fear
 t - a scroll of amnesia {unknown}
 y - a scroll of magic mapping {unknown}
 A - a scroll of random uselessness {unknown}
Potions
 d - a potion of cancellation
 g - 3 potions of agility
 h - a potion of brilliance
 j - a potion of lignification
 o - a potion of curing
 q - a potion of mutation {unknown}
 s - a potion of magic {unknown}
 u - a potion of ambrosia {unknown}
Comestibles
 f - 3 bread rations
 i - 4 meat rations
 z - a fruit


   Skills:
 - Level 3.2 Fighting
 + Level 9.2 Axes
 - Level 3.2 Armour
 + Level 11.0 Shields


You had 8 spell levels left.
You didn't know any spells.

Dungeon Overview and Level Annotations

Branches:
Dungeon (7/15)
 Temple: D:4-7

Altars:
Dithmenos
Fedhas
Gozag
Hepliaklqana
Vehumet
Zin
The Shining One

Shops:
D:5 *   D:6 *

Annotations:
D:6 1 runed door
D:7 krigyl's ghost, journeyman MfGl


Innate Abilities, Weirdness & Mutations

You cannot be hasted, slowed, berserked, paralysed or teleported.
You can dig through walls and to a lower floor.
Your four strong arms can wield two-handed weapons with a shield.
You have a pair of large antennae on your head. (SInv)


Message History

Krigyl's ghost is moderately damaged.
You slash the ogre! You burn the ogre. Krigyl's ghost hits you!
* * * LOW HITPOINT WARNING * * *
You block the ogre's attack.
You hit krigyl's ghost. You burn krigyl's ghost.
Krigyl's ghost is moderately damaged.
You slash the ogre! You burn the ogre.
You kill the ogre!
Krigyl's ghost completely misses you.
You barely miss krigyl's ghost.
Krigyl's ghost is moderately damaged.
Krigyl's ghost barely misses you.
You barely miss krigyl's ghost.
Krigyl's ghost is moderately damaged.
You block krigyl's ghost's attack.
You closely miss krigyl's ghost.
Krigyl's ghost is moderately damaged.
Krigyl's ghost hits you!
You die...
Your body crumbles into a pile of gold.

######.##...##
#.#.#.#.###
#..........
###.#.#.## ##
##...#### . ###
##.....# .# ..#
#####.###.##.##
..# #...$......
#.# ###@W.....#
#.# #.#.##..#
#.# ..# # #.#
..## #.# ##.
#.# #. #.# #.
#.# #. #.#


You could see krigyl's ghost.

Vanquished Creatures
  A troll (D:7)
  Grinder (D:5)
  Sigmund (D:2)
  Menkaure (D:5)
  An ice beast (D:7)
  A phantom (D:5)
  An orc warrior (D:6)
  4 ogres
  2 centaurs
  A big kobold (D:7)
  Blork the orc (D:4)
  A bullfrog (D:6)
  A scorpion (D:7)
  3 wights (D:6)
  2 crimson imps
  A bullfrog zombie (D:6)
  3 hounds
  4 jellies
  A centaur skeleton (D:4)
  Terence (D:2)
  An orc wizard (D:4)
  5 worker ants
  A hound zombie (D:5)
  A worker ant zombie (D:7)
  6 gnolls
  7 adders
  3 dart slugs (D:1)
  A leopard gecko (D:4)
  10 orcs
  A ball python (D:1)
  2 giant cockroaches
  7 goblins
  9 hobgoblins
  8 jackals
  2 quokkas
  2 bats (D:2)
  3 frilled lizards
  7 kobolds
  2 quokka skeletons (D:5)
  8 rats
118 creatures vanquished.

Notes
Turn   | Place    | Note
-------+----------+-------------------------------------------
     0 | D:1      | LORDOFBUTT the Formicid Fighter began the quest for the Orb.
     0 | D:1      | Reached XP level 1. HP: 18/18 MP: 1/1
    49 | D:1      | Reached XP level 2. HP: 16/24 MP: 2/2
    68 | D:1      | Reached skill level 4 in Shields
   655 | D:1      | Reached XP level 3. HP: 26/29 MP: 3/3
   991 | D:2      | Noticed Terence
   997 | D:2      | Killed Terence
   997 | D:2      | Reached XP level 4. HP: 29/35 MP: 4/4
  1466 | D:2      | Noticed Sigmund
  1483 | D:2      | Killed Sigmund
  1483 | D:2      | Reached skill level 5 in Shields
  1483 | D:2      | Reached XP level 5. HP: 29/41 MP: 5/5
  1483 | D:2      | Reached XP level 6. HP: 34/47 MP: 6/6
  2011 | D:3      | Reached skill level 6 in Shields
  2265 | D:3      | Found a radiant altar of Vehumet.
  2266 | D:3      | Found a hazy altar of Hepliaklqana.
  2266 | D:3      | Found a blossoming altar of Fedhas.
  2266 | D:3      | Found a glowing silver altar of Zin.
  2281 | D:3      | Found a shadowy altar of Dithmenos.
  2281 | D:3      | Found an opulent altar of Gozag.
  2475 | D:4      | Noticed an ogre
  2479 | D:4      | Killed an ogre
  2479 | D:4      | Reached skill level 5 in Axes
  2490 | D:4      | Noticed an ogre
  2495 | D:4      | Reached XP level 7. HP: 40/52 MP: 7/7
  2504 | D:4      | Reached skill level 7 in Shields
  2853 | D:4      | Noticed Blork the orc
  2862 | D:4      | Killed Blork the orc
  3068 | D:3      | Became a worshipper of Gozag Ym Sagoz the Greedy
  3113 | D:5      | Entered Level 5 of the Dungeon
  3384 | D:5      | Found Uvoppoq's General Store.
  3402 | D:5      | Reached XP level 8. HP: 57/58 MP: 8/8
  3453 | D:5      | Noticed Menkaure
  3463 | D:5      | Reached skill level 8 in Shields
  3464 | D:5      | Killed Menkaure
  3614 | D:5      | Noticed Grinder
  3626 | D:5      | Killed Grinder
  3626 | D:5      | Reached skill level 9 in Shields
  3915 | D:6      | Found Rizuot Tinn's Assorted Antiques.
  3932 | D:6      | Found a glowing golden altar of the Shining One.
  3933 | D:6      | Found a runed door.
  3933 | D:6      | Noticed an angel
  3959 | D:6      | Reached XP level 9. HP: 61/64 MP: 9/9
  4119 | D:6      | Reached skill level 10 in Shields
  4671 | D:7      | Noticed a troll
  4684 | D:7      | Killed a troll
  4800 | D:7      | Reached skill level 11 in Shields
  4828 | D:7      | Noticed krigyl's ghost (journeyman MfGl)
  4839 | D:7      | Slain by krigyl's ghost

Vault maps used:
D:1:      lemuel_arrival_room
D:2:      minmay_misc_feat_doors, uniq_sigmund, uniq_terence
D:3:      minmay_overflow_temple_hex
D:4:      first_bread, uniq_blork_the_orc
D:5:      serial_shops, shop, uniq_menkaure, uniq_grinder
D:6:      serial_shops, shop, lemuel_angel_altar

Skill      XL: |  1  2  3  4  5  6  7  8  9 |
---------------+----------------------------+-----
Shields        | 4 5 6 7 9 11 | 11.0
Axes           | 3 4 5 6 7 9 |  9.2
Fighting       | |  3.2
Armour         | |  3.2

Action                   |  1- 3 |  4- 6 |  7- 9 || total
-------------------------+-------+-------+-------++-------
Melee: War axe           |    67 |   105 |   238 ||   410
Invok: Potion Petition   |       |       |     1 ||     1
  Use: Scroll            |       |     7 |     2 ||     9
       Potion            |       |       |     3 ||     3
 Stab: Distracted        |       |       |     1 ||     1
  Eat: Chunk             |       |     2 |     1 ||     3
       Beef jerky        |       |     2 |       ||     2
       Fruit             |       |       |     5 ||     5
       Meat ration       |       |       |     1 ||     1
Armor: Scale mail        |    25 |    35 |    76 ||   136
Dodge: Dodged            |    19 |    31 |    69 ||   119
Block: Shield            |    38 |    63 |   126 ||   227
